 Dungeon Crawl Stone Soup version 0.30-a0-373-gd37427bb62 (webtiles) character file.

Game seed: 1949634990302877828

5256 timneilson the Protected (level 10, -3/61 HPs)
             Began as a Gargoyle Fighter on Nov 23, 2022.
             Was a Believer of Okawaru.
             Slain by a komodo dragon (9 damage)
             ... on level 8 of the Dungeon on Nov 24, 2022.
             The game lasted 00:32:52 (8578 turns).

timneilson the Protected (Gargoyle Fighter)         Turns: 8578, Time: 00:32:53

Health: -3/61      AC: 26    Str: 25    XL:     10   Next: 62%
Magic:  12/12      EV: 10    Int:  8    God:    Okawaru [**....]
Gold:   384        SH: 12    Dex:  9    Spells: 9/9 levels left

rFire   . . .      SeeInvis +    a - +1 long sword (flame)
rCold   . . .      Faith    .    c - +0 buckler
rNeg    + . .      Spirit   .    k - +0 plate armour
rPois   ∞          Reflect  +    d - +0 helmet
rElec   +          Harm     .    t - +0 cloak
rCorr   .          Rampage  .    (no gloves)
Will    .....                    (no boots)
Stlth   ..........               e - amulet of reflection
HPRegen 0.30/turn                u - ring of see invisible
MPRegen 0.13/turn                (no ring)

@: heroic, studying 2 skills
A: sickness immunity, AC +7, negative energy resistance 1, electricity
resistance, torment resistance 1, petrification resistance
a: Renounce Religion, Heroism


You were on level 8 of the Dungeon.
You worshipped Okawaru.
Okawaru was pleased with you.
You visited 2 branches of the dungeon, and saw 9 of its levels.
You also visited: Bailey.

You collected 384 gold pieces.

Inventory:

Hand Weapons
 a - a +1 long sword of flaming (weapon)
Missiles
 s - a throwing net (quivered)
Armour
 c - a +0 buckler (worn)
 d - a +0 helmet (worn)
 k - a +0 plate armour (worn)
 t - a +0 cloak (worn)
Jewellery
 e - an amulet of reflection (around neck)
 u - a ring of see invisible (left hand)
Wands
 b - a wand of digging (6)
 v - a wand of flame (21)
 w - a wand of polymorph (5)
Scrolls
 m - 5 scrolls of fear
 n - 3 scrolls of amnesia
 y - 3 scrolls of enchant weapon
Potions
 g - 3 potions of flight {unknown}
 h - a potion of attraction {unknown}
 i - 2 potions of curing
 j - a potion of haste {unknown}
 l - 3 potions of mutation
 o - a potion of invisibility {unknown}
 p - 2 potions of degeneration {unknown}
 q - a potion of cancellation {unknown}
 r - 2 potions of heal wounds
 x - a potion of ambrosia {unknown}


   Skills:
 + Level 6.5(11.5) Fighting
 * Level 6.8(11.8) Long Blades
 * Level 8.7(13.7) Armour
 + Level 3.9(8.9) Dodging
 * Level 8.7(13.7) Shields
 + Level 3.9 Invocations
 + Level 3.7 Evocations


You had 9 spell levels left.
You didn't know any spells.
Your spell library was empty.

Dungeon Overview and Level Annotations

Branches:
Dungeon (8/15)             Temple (1/1) D:5            Lair (0/5) D:8
 Bailey (visited)

Altars:
Ashenzari
Cheibriados
Dithmenos
Elyvilon
Fedhas
Gozag
Hepliaklqana
Kikubaaqudgha
Nemelex Xobeh
Okawaru
Qazlal
Ru
Sif Muna
Trog
Uskayaw
Vehumet
Zin

Shops:
D:7 :[[*

Annotations:
D:6 1 runed translucent door, tinescath's ghost, novice GrEE


Innate Abilities, Weirdness & Mutations

You are immune to sickness and miasma.
Your stone body is resilient. (AC +7)
You are immune to poison.
You resist negative energy. (rN+)
You are resistant to electric shocks. (rElec)
You are resistant to unholy torment.
You are immune to petrification.


Message History

You hit the komodo dragon. You burn the komodo dragon.
The komodo dragon is moderately wounded.
The komodo dragon barely misses you.
You barely miss the komodo dragon.
The komodo dragon is moderately wounded.
The komodo dragon bites you!
You barely miss the komodo dragon.
The komodo dragon is lightly wounded.
You barely miss the komodo dragon.
The komodo dragon is lightly wounded.
You block the komodo dragon's attack.
You barely miss the komodo dragon.
The komodo dragon is lightly wounded.
The komodo dragon bites you!!
You closely miss the komodo dragon.
The komodo dragon is lightly wounded.
You block the komodo dragon's attack.
You closely miss the komodo dragon.
The komodo dragon is lightly wounded.
You block the komodo dragon's attack.
You closely miss the komodo dragon.
The komodo dragon is lightly wounded.
You barely miss the komodo dragon.
The komodo dragon is lightly wounded.
The komodo dragon closely misses you.
You closely miss the komodo dragon.
The komodo dragon is lightly wounded.
The komodo dragon bites you!
You barely miss the komodo dragon.
The komodo dragon is lightly wounded.
The komodo dragon bites you.
* * * LOW HITPOINT WARNING * * *
You hit the komodo dragon. You burn the komodo dragon.
The komodo dragon is moderately wounded.
The komodo dragon bites you!
* * * LOW HITPOINT WARNING * * *
You hit the komodo dragon but do no damage.
The komodo dragon is moderately wounded.
The komodo dragon bites you!
You die...

#.# #. #####.# #.
###.....# #.
###...##### #.
#...### ###. #.###
#... #.# #...
#.#############...
#@##PPPPPPPPP##...
#l#PPPP.P...PP#...
#....P....>.PP#...
#....PP....PPP#...
##...l..P.PPPP##.#
##......PP.PP##.#
##...P..P..###.#
###.....####..#
###...(....##


You could see a komodo dragon.

Vanquished Creatures
  2 orc knights (Bailey)
  Joseph (D:8)
  Sigmund (D:2)
  Eustachio (D:6)
  A yak (D:5)
  A steam dragon (D:8)
  2 water moccasins (D:7)
  Duvessa (D:6)
  4 ice beasts
  9 orc warriors (Bailey)
  3 black bears
  2 ogres (D:5)
  5 centaurs
  A kobold brigand (D:6)
  A bullfrog (D:8)
  A necrophage (D:8)
  Blork the orc (D:6)
  2 scorpions
  Dowan (D:6)
  2 howler monkeys (D:8)
  An electric eel (D:8)
  A jelly (D:7)
  6 hounds
  2 iguanas (D:5)
  4 orc wizards
  Robin (D:2)
  6 gnolls
  7 adders
  A shadow imp (D:6)
  A white imp (D:6)
  An ufetubus (D:5)
  A worm (D:4)
  6 dart slugs
  29 orcs
  16 ball pythons
  6 bats
  11 endoplasms
  4 giant cockroaches
  15 goblins
  10 hobgoblins
  19 jackals
  5 kobolds
  3 quokkas
  A frilled lizard (D:1)
  6 rats
205 creatures vanquished.

Vanquished Creatures (others)
  An orc wizard (D:4)
  An orc (D:4)
  8 plants (D:8)
10 creatures vanquished.

Grand Total: 215 creatures vanquished

Notes
Turn   | Place    | Note
-------+----------+-------------------------------------------
     0 | D:1      | timneilson the Gargoyle Fighter began the quest for the
                  | Orb.
     0 | D:1      | Reached XP level 1. HP: 14/14 MP: 1/1
   229 | D:1      | Found a faded altar of an unknown god.
   235 | D:1      | Reached XP level 2. HP: 19/19 MP: 2/2
   489 | D:1      | Reached XP level 3. HP: 23/23 MP: 3/3
  1269 | D:2      | Reached XP level 4. HP: 28/28 MP: 4/4
  1423 | D:2      | Noticed Sigmund
  1452 | D:2      | Killed Sigmund
  1453 | D:2      | Reached skill level 1 in Dodging
  1453 | D:2      | Reached XP level 5. HP: 6/33 MP: 5/5
  1453 | D:2      | Reached XP level 6. HP: 7/38 MP: 6/6
  1642 | D:2      | Noticed Robin
  1673 | D:2      | Killed Robin
  2811 | D:4      | Noticed an ice beast
  2841 | D:4      | Killed an ice beast
  2842 | D:4      | Reached skill level 5 in Armour
  2842 | D:4      | Reached skill level 5 in Shields
  2842 | D:4      | Reached XP level 7. HP: 29/44 MP: 7/7
  3307 | D:4      | Identified the +10 mace of the Antique God {freeze, Stlth+}
  3324 | D:4      | Found a stormy altar of Qazlal.
  3634 | D:5      | Entered Level 5 of the Dungeon
  3691 | D:5      | Identified the +4 war axe of Wiaruoqy {vorpal, rF+ Int+3}
  3694 | D:5      | Noticed a yak
  3723 | D:5      | Killed a yak
  3724 | D:5      | Reached skill level 1 in Evocations
  3726 | D:5      | Reached XP level 8. HP: 48/48 MP: 8/8
  3843 | D:5      | Found a staircase to the Ecumenical Temple.
  3852 | Temple   | Entered the Ecumenical Temple
  3869 | Temple   | Became a worshipper of Warmaster Okawaru
  4227 | D:5      | Reached skill level 5 in Fighting
  4421 | D:5      | Reached skill level 1 in Invocations
  4865 | D:6      | Noticed Eustachio
  4963 | D:6      | Killed Eustachio
  4963 | D:6      | Reached * piety under Okawaru
  4964 | D:6      | Reached skill level 5 in Long Blades
  5231 | D:6      | Reached XP level 9. HP: 54/54 MP: 10/10
  5345 | D:6      | Found a runed translucent door.
  5350 | D:6      | Noticed tinescath's ghost (novice GrEE)
  5368 | D:6      | Found a snail-covered altar of Cheibriados.
  5491 | D:6      | Noticed Duvessa
  5492 | D:6      | Noticed Dowan
  5504 | D:6      | Killed Duvessa
  5505 | D:6      | Killed Dowan
  5553 | D:6      | Noticed Blork the orc
  5662 | D:6      | Killed Blork the orc
  5947 | D:7      | Found Tuidaite's Book Shoppe.
  6237 | D:7      | Found Vunaqeati's Antique Armour Emporium.
  6271 | D:7      | Found Eget's Armour Shop.
  6303 | D:7      | Found Emnenkyi's Assorted Antiques.
  6937 | D:8      | Found a flagged portal.
  6963 | D:8      | Reached ** piety under Okawaru
  6970 | Bailey   | Entered a bailey
  7171 | Bailey   | Reached XP level 10. HP: 50/60 MP: 12/12
  7427 | Bailey   | Noticed an orc knight
  7427 | Bailey   | Noticed an orc knight
  7629 | Bailey   | Killed an orc knight
  7970 | Bailey   | Killed an orc knight
  8139 | D:8      | Noticed Joseph
  8168 | D:8      | Killed Joseph
  8168 | D:8      | Reached *** piety under Okawaru
  8532 | D:8      | Found a staircase to the Lair.
  8578 | D:8      | Slain by a komodo dragon

Illustrated notes

Levels and vault maps discovered:
D:1:      dpeg_arrival_round_b, layout_basic, nicolae_ecumenical_snake_handling
D:2:      wander_river, layout_basic, uniq_sigmund, uniq_robin
D:3:      layout_basic
D:4:      layout_basic, mainiacjoe_overflow_alcove_2
D:5:      kennysheep_big_flooded_room, layout_loops_cross,
          minmay_temple_entry_mist, grunt_tough_drop
D:6:      layout_rooms, nicolae_overflow_crystal_walls,
          ebering_ghost_reflecting_pool, uniq_duvessa, uniq_eustachio,
          uniq_blork_the_orc
D:7:      layout_cave_pods, serial_shops, nicolae_diamond_shop, shop,
          kennysheep_mini_moat, shop_fountains
D:8:      layout_basic, david_lair_shrubbed, enter_bailey_5, minivault_14,
          uniq_joseph
Temple:   hellmonk_temple_two_chambers

Skill      XL: |  1  2  3  4  5  6  7  8  9 10 |
---------------+-------------------------------+-----
Long Blades    | 2 3 4 5 6 |  6.8
Fighting       | 4 5 6 |  6.5
Armour         | 4 5 6 7 8 |  8.7
Dodging        | 1 2 3 |  3.9
Shields        | 4 5 6 7 8 |  8.7
Evocations     | 1 2 3 |  3.7
Invocations    | 1 3 |  3.9

Action                   |  1- 3 |  4- 6 |  7- 9 | 10-12 || total
-------------------------+-------+-------+-------+-------++-------
Melee: Long sword        |   177 |   262 |   503 |   203 ||  1145
       Unarmed           |       |       |     1 |       ||     1
Invok: Heroism           |       |       |     7 |    12 ||    19
  Use: Scroll            |     5 |     2 |     8 |     2 ||    17
       Potion            |       |     1 |     1 |     2 ||     4
Armor: Scale mail        |   106 |       |       |       ||   106
       Chain mail        |     6 |   133 |   323 |    35 ||   497
       Plate armour      |       |       |       |    36 ||    36
Dodge: Dodged            |    85 |    65 |   217 |    61 ||   428
Block: Buckler           |   112 |   102 |   310 |    99 ||   623
       Reflection        |     1 |     2 |    22 |     6 ||    31

Table legend: (Time is in decaauts)
 A = Elapsed time spent in this place.
 B = Non-inter-level travel time spent in this place.
 C = Inter-level travel time spent in this place.
 D = Time resting spent in this place.
 E = Time spent auto-exploring this place.
 F = Levels seen in this place.
 G = Mean time per level.
                   A        B        C        D        E       F      G
               +--------+--------+--------+--------+--------+-----+--------+
         Total |   8777 |   8592 |    185 |    455 |   5408 |  10 |  877.7 |
       Dungeon |   7679 |   7502 |    177 |    116 |   5157 |   8 |  959.9 |
        Temple |     26 |     18 |      8 |      0 |     10 |   1 |   26.0 |
        Bailey |   1071 |   1071 |      0 |    339 |    241 |   1 | 1071.0 |
               +--------+--------+--------+--------+--------+-----+--------+

Top non-repeatable levels by time:
     D:1: 1287 daAuts
     D:5: 1163 daAuts
     D:6: 1090 daAuts
  Bailey: 1071 daAuts
     D:4: 904 daAuts
     D:3: 839 daAuts
     D:7: 817 daAuts
     D:8: 809 daAuts
     D:2: 767 daAuts
  Temple: 26 daAuts
